Map: Jagannatha LE

Players

Massa - Winner!

  • Race: Terran Terran
  • League: Platinum
  • Spawn Location: 7:00

matrixxx

  • Race: Terran Terran
  • League: Diamond
  • Spawn Location: 1:00

VOD

Have the link to the VOD?

Description

Time

  • Played on: Jan. 18, 2021, 12:13 p.m.
  • Length: 29:00
Show
View Real Time Build Order
Export as new Build Order

Massa Terran - Winner!

Build Orders: Hellion Banshee 

Get SALT Encoding   

  12  0:00  SCV  
  13  0:12  SCV  
  14  0:18  Supply Depot  
  14  0:24  SCV  
  15  0:39  SCV  
  15  0:41  Barracks  
  16  0:45  Refinery  
  16  0:52  SCV  
  17  1:02  Supply Depot  
  17  1:04  SCV  
  18  1:16  SCV  
  19  1:29  Orbital Command  
  19  1:30  Barracks Reactor  
  19  1:55  Command Center  
  19  1:59  SCV  
  20  2:06  Marine  
  20  2:07  Marine  
  22  2:17  Factory  
  23  2:22  SCV  
  23  2:24  Marine  
  23  2:25  Marine  
  25  2:40  SCV  
  25  2:42  Marine  
  25  2:43  Marine  
  28  2:46  Barracks  
  28  2:56  Engineering Bay  
  28  3:08  Starport, Barracks Tech Lab  
  28  3:10  Orbital Command  
  28  3:17  Hellion  
  30  3:23  Hellion  
  32  3:38  Hellion  
  32  3:39  Missile Turret  
  32  3:40  SCV x2  
  35  3:50  Barracks Tech Lab, Hellion  
  35  3:52  SCV  
  31  4:15  Hellion x2  
  31  4:23  Banshee  
  31  4:26  Missile Turret  
  31  4:27  SCV x2  
  31  4:30  Cloaking Field  
  33  4:33  Marine  
  34  4:39  SCV x2  
  34  4:43  Supply Depot  
  36  4:51  Barracks Reactor, SCV x2  
  38  5:04  SCV, Marine, Supply Depot x2  
  40  5:08  Banshee  
  40  5:11  Refinery  
  39  5:15  SCV  
  39  5:17  SCV  
  39  5:21  Barracks  
  41  5:22  Marine  
  41  5:25  Barracks  
  42  5:28  Marine  
  42  5:29  Marine  
  42  5:32  Hellion x2  
  48  5:40  Marauder  
  50  5:46  Marine  
  51  5:53  Hellion x2  
  47  6:10  Banshee  
  45  6:12  Marauder  
  40  6:43  Widow Mine  
  40  6:44  Widow Mine  
  40  6:46  Marine  
  42  6:47  SCV  
  42  6:48  SCV  
  42  6:50  Refinery  
  42  6:53  Refinery  
  44  6:56  Command Center  
  44  6:58  Missile Turret  
  44  6:59  SCV  
  44  7:00  SCV  
  46  7:04  Marine  
  47  7:12  SCV x2  
  47  7:14  Widow Mine  
  47  7:15  Widow Mine  
  53  7:24  SCV x2  
  53  7:25  Viking  
  55  7:38  Widow Mine  
  55  7:39  Widow Mine  
  56  7:51  SCV x2  
  56  7:55  Barracks Reactor, Barracks Tech Lab  
  56  7:56  Marauder, Marine x2  
  60  8:03  SCV x2  
  62  8:11  Missile Turret  
  62  8:14  Marine x2  
  62  8:15  SCV x2  
  62  8:17  Marauder  
  66  8:27  SCV  
  66  8:32  Marine  
  66  8:39  Marauder  
  68  8:42  SCV x2  
  68  8:46  Planetary Fortress  
  70  8:54  SCV x2  
  72  8:58  Raven  
  72  9:00  Marauder, Marine  
  77  9:02  Stimpack  
  77  9:09  Supply Depot  
  77  9:10  Supply Depot x2  
  77  9:24  Starport  
  77  9:30  SCV x2, Marine  
  77  9:31  Marauder x2  
  84  9:33  Supply Depot  
  84  9:35  Supply Depot  
  84  9:36  Factory Tech Lab  
  84  9:38  SCV  
  85  9:41  Viking  
  85  9:42  SCV x2  
  89  9:50  SCV  
  89  9:51  Terran Infantry Weapons Level 1  
  90  9:55  SCV x2  
  90  9:57  Armory  
  92  10:01  Marauder x2, Marine x3  
  92  10:02  SCV, Marine  
  103  10:07  SCV x2  
  101  10:15  Command Center  
  101  10:19  Marine x2  
  103  10:22  Marauder  
  103  10:25  SCV x2  
  103  10:26  SCV  
  103  10:27  Marauder, Marine  
  103  10:28  Siege Tank  
  114  10:37  SCV x2  
  114  10:38  SCV  
  117  10:51  Refinery, Supply Depot x3  
  117  10:52  Supply Depot  
  117  10:53  Refinery  
  117  11:12  SCV x3  
  117  11:13  Marauder  
  117  11:17  Supply Depot  
  116  11:24  SCV x2  
  102  11:37  Missile Turret  
  102  11:40  Sensor Tower  
  102  11:43  Viking x3  
  102  11:45  Planetary Fortress  
  108  11:49  SCV x3, Missile Turret  
  111  11:56  Marauder x2, Marine x4  
  111  11:58  Siege Tank  
  123  12:01  SCV x3  
  123  12:03  Concussive Shells  
  123  12:09  Refinery  
  123  12:12  Refinery  
  123  12:13  SCV, Viking x2  
  123  12:14  Marine x3  
  131  12:17  Marauder x2  
  131  12:18  SCV  
  131  12:19  SCV  
  137  12:25  SCV  
  137  12:26  Sensor Tower  
  138  12:30  Siege Tank  
  138  12:31  Sensor Tower  
  141  12:38  Marauder  
  141  12:39  Marauder, Factory  
  145  12:48  Raven  
  145  12:49  Viking  
  149  13:00  Marauder x2  
  149  13:02  Siege Tank  
  156  13:30  Command Center  
  156  13:40  Factory Tech Lab, Siege Tank  
  153  13:53  Marauder x2, Marine x3  
  144  14:07  Marine  
  144  14:09  Thor  
  145  14:11  Marine x3  
  145  14:12  Thor  
  145  14:14  Marauder x2  
  156  14:19  Viking x3  
  162  14:25  Marine  
  162  14:28  Marine  
  164  14:35  SCV x4  
  164  14:36  Marauder x2  
  166  14:47  SCV x4  
  166  14:49  Viking x3  
  166  14:52  Thor  
  182  14:57  Marauder  
  182  14:59  SCV x3  
  187  15:02  Supply Depot  
  187  15:03  Supply Depot x2  
  187  15:04  Terran Infantry Weapons Level 2, Supply Depot  
  187  15:06  Supply Depot  
  187  15:07  Supply Depot  
  187  15:09  Supply Depot  
  187  15:24  Thor, Viking x3  
  199  15:28  Supply Depot  
  199  15:29  Armory  
  199  15:31  Marauder  
  199  15:32  Engineering Bay  
  141  15:54  Viking  
  139  16:02  Missile Turret  
  139  16:03  Siege Tank  
  142  16:06  Missile Turret  
  142  16:07  Siege Tank  
  126  16:27  Marauder x2, Marine  
  126  16:28  Marine x3  
  129  16:35  Siege Tank  
  129  16:39  Siege Tank  
  130  16:41  SCV x4  
  130  16:45  Marine  
  130  16:46  Marine x3  
  138  16:49  Marauder x2  
  138  16:53  SCV x2  
  144  17:06  Marine  
  144  17:07  Marine  
  142  17:10  Marauder x2  
  111  17:31  Marauder x2  
  111  17:35  Refinery  
  111  17:36  Command Center  
  114  17:39  Terran Infantry Weapons Level 3, Terran Infantry Armor Level 1  
  114  17:40  Terran Vehicle And Ship Armor Level 1, Terran Vehicle Weapons Level 1  
  114  17:50  Command Center  
  113  17:52  Missile Turret  
  113  17:53  Marauder x2  
  113  17:58  Siege Tank x2  
  123  18:00  Marine x2  
  125  18:07  Barracks  
  125  18:09  Barracks  
  125  18:14  Marauder x2  
  126  18:24  Command Center  
  119  18:30  Siege Tank x2  
  125  18:36  Marauder x2  
  125  18:40  Medivac x3  
  135  18:47  Command Center  
  135  18:57  Marauder x2  
  138  19:10  Medivac  
  135  19:29  Medivac x2  
  135  19:30  Marauder  
  135  19:31  Marauder, Marine  
  144  19:33  Barracks Tech Lab x2  
  144  19:37  Planetary Fortress, Siege Tank x2  
  150  19:40  Medivac  
  152  19:46  Missile Turret  
  152  19:52  Marauder x2  
  145  20:10  Planetary Fortress  
  145  20:13  Marauder x2  
  148  20:17  Planetary Fortress  
  148  20:19  SCV x3  
  149  20:29  Planetary Fortress  
  149  20:31  SCV x3  
  149  20:35  Marauder  
  153  20:44  Missile Turret  
  135  21:19  SCV  
  135  21:25  SCV x4  
  135  21:26  SCV  
  135  21:29  Missile Turret  
  135  21:31  SCV  
  140  21:37  SCV  
  140  21:38  SCV x2  
  142  21:43  SCV  
  132  21:50  Missile Turret  
  129  21:55  SCV  
  129  21:59  Marauder x3  
  129  22:00  Marauder, Marine x3  
  129  22:01  Marine  
  131  22:04  Viking x3  
  134  22:13  Missile Turret  
  130  22:16  SCV x3  
  130  22:17  SCV x2  
  130  22:18  Marine x2  
  130  22:19  SCV  
  130  22:21  Marauder x4  
  146  22:28  SCV x3  
  146  22:29  SCV x2  
  149  22:31  SCV  
  149  22:34  Viking x3  
  150  22:38  Missile Turret  
  150  22:40  SCV  
  150  22:41  Marine, Missile Turret  
  150  22:42  Marauder x4, Marine x3  
  161  22:54  Thor  
  161  22:55  Thor  
  172  22:59  Marine x2  
  172  23:00  Marine x2  
  172  23:03  SCV x2, Marauder, Marine x2  
  172  23:04  SCV x4  
  185  23:09  Missile Turret  
  185  23:12  Missile Turret  
  185  23:15  SCV  
  181  23:37  Thor  
  187  23:48  Terran Infantry Armor Level 2  
  179  24:15  Refinery  
  179  24:16  Raven, Viking  
  183  24:17  Refinery, Viking  
  183  24:19  Marauder x3, Marine x4  
  195  24:24  SCV x2  
  195  24:25  SCV  
  198  24:37  Smart Servos  
  177  24:46  Viking  
  177  24:47  Viking  
  173  24:59  Raven  
  172  25:07  Thor x2  
  172  25:11  Terran Vehicle And Ship Armor Level 2, Terran Vehicle Weapons Level 2  
  184  25:16  Viking  
  184  25:18  Missile Turret  
  184  25:19  Missile Turret  
  186  25:21  Missile Turret  
  185  25:39  Missile Turret  
  185  25:40  Missile Turret  
  185  25:44  Missile Turret  
  185  25:49  Thor  
  181  25:55  Drilling Claws  
  184  26:01  Missile Turret  
  167  26:42  Command Center  
  159  27:07  Siege Tank x2  
  164  27:17  Missile Turret  
  164  27:20  Missile Turret  
  164  27:22  Missile Turret  
  120  27:39  Siege Tank  
  120  27:43  Marauder x4  
  120  27:44  Marine x4, Missile Turret  
  133  27:52  Command Center  
  133  27:55  Missile Turret  
  133  27:58  Missile Turret  
  133  28:01  Marine x2  
  133  28:02  Marine  
  133  28:04  Marauder x2  
  133  28:05  Marauder x2  
  144  28:06  Planetary Fortress, Missile Turret  
  144  28:16  Missile Turret  
  134  28:26  Marauder  
  124  28:43  SCV  
  124  28:44  SCV x3  
  128  28:49  Refinery  
  128  28:50  Refinery  
  132  28:59  Refinery x2  
Show
View Real Time Build Order
Export as new Build Order

matrixxx Terran 

Build Orders: 1/1/1, Mech 

Get SALT Encoding   

  12  0:00  SCV  
  13  0:12  SCV  
  14  0:18  Supply Depot  
  14  0:26  Refinery  
  14  0:28  SCV  
  15  0:42  Barracks  
  15  0:45  SCV  
  16  0:58  SCV  
  17  1:05  Refinery  
  17  1:10  SCV  
  18  1:22  SCV  
  19  1:34  Factory  
  19  1:35  Orbital Command  
  19  1:37  Marine  
  20  1:49  Supply Depot  
  20  1:55  Marine  
  21  2:01  SCV  
  22  2:15  SCV  
  23  2:16  Barracks Reactor  
  23  2:19  Factory Tech Lab  
  23  2:22  Starport  
  23  2:30  SCV  
  24  2:37  Supply Depot  
  24  2:40  Siege Tank  
  24  2:43  SCV  
  28  2:54  Marine  
  28  2:55  SCV  
  28  2:57  Marine  
  31  3:01  Supply Depot  
  31  3:02  Medivac  
  33  3:09  SCV  
  34  3:14  Marine  
  34  3:15  Marine  
  36  3:29  SCV  
  37  3:49  Command Center  
  32  4:13  Siege Tank  
  34  4:17  SCV  
  34  4:22  Starport Reactor  
  34  4:24  Command Center  
  35  4:27  Marine x2  
  37  4:45  Marine  
  36  4:46  Engineering Bay  
  36  4:49  Marine  
  37  4:55  Siege Tank  
  40  5:06  Refinery  
  40  5:09  Orbital Command  
  40  5:19  Liberator x2  
  46  5:25  Missile Turret  
  46  5:27  Siege Tank  
  49  5:36  SCV x2  
  49  5:40  Missile Turret  
  47  6:01  Missile Turret  
  44  6:24  SCV, Viking x2  
  44  6:25  SCV  
  44  6:37  SCV x2  
  46  6:49  SCV  
  46  6:53  Marine x2  
  46  6:54  Viking  
  51  7:01  Factory  
  51  7:04  SCV x2, Factory  
  51  7:06  Starport  
  53  7:10  Marine, Siege Tank  
  57  7:16  SCV  
  55  7:39  Planetary Fortress  
  55  7:58  Factory Tech Lab  
  55  7:59  Factory Tech Lab  
  55  8:03  Starport Reactor  
  52  8:11  Siege Tank  
  53  8:25  Missile Turret  
  49  8:28  Viking  
  49  8:29  SCV x2, Viking  
  52  8:41  SCV x2  
  54  8:48  Refinery  
  54  8:51  Refinery  
  54  8:53  SCV  
  55  8:56  Armory  
  55  8:58  SCV, Viking  
  55  8:59  Command Center, Viking  
  60  9:15  Supply Depot  
  60  9:16  Supply Depot  
  60  9:21  Siege Tank x2  
  60  9:22  SCV  
  67  9:35  Viking x2  
  71  9:46  Supply Depot  
  71  9:48  Supply Depot  
  71  9:50  Viking x2  
  75  9:54  Marine x2  
  77  10:08  Factory  
  77  10:10  Factory  
  77  10:12  Marine  
  78  10:15  Viking x2  
  78  10:16  SCV x2  
  84  10:22  Planetary Fortress  
  84  10:27  Missile Turret  
  84  10:38  Supply Depot  
  84  10:42  Supply Depot  
  84  10:43  SCV x3  
  84  10:47  Refinery  
  87  10:52  Refinery  
  87  11:03  Marine x2  
  89  11:12  Factory Tech Lab  
  89  11:13  Factory Tech Lab  
  89  11:19  Armory  
  89  11:20  Terran Vehicle Weapons Level 1  
  89  11:21  Marine  
  84  11:34  Siege Tank x5  
  84  11:35  SCV x2  
  84  11:36  SCV x2  
  103  11:47  SCV  
  104  11:56  Supply Depot  
  103  12:06  Siege Tank x4  
  115  12:15  Thor  
  120  12:18  Supply Depot  
  120  12:27  Starport  
  120  12:33  Terran Vehicle And Ship Armor Level 1  
  120  12:37  Starport  
  120  12:38  Thor  
  126  12:46  Refinery, SCV x2  
  126  12:47  SCV x2  
  130  12:54  Refinery, Command Center  
  130  12:58  SCV  
  130  12:59  SCV x3  
  134  13:19  Starport Reactor  
  131  13:30  Starport Tech Lab  
  116  14:02  Viking x4  
  119  14:03  Viking x3  
  118  14:32  Viking x5  
  118  14:33  Viking x2  
  126  14:58  SCV  
  126  14:59  Fusion Core  
  127  15:02  Viking  
  129  15:27  Planetary Fortress  
  129  15:31  Thor x5, Supply Depot  
  129  15:33  SCV x4  
  163  15:45  SCV  
  131  16:14  Thor  
  137  16:20  Siege Tank x4  
  105  16:47  Supply Depot  
  105  16:49  Liberator  
  105  16:50  Liberator  
  105  16:52  Siege Tank x2  
  116  17:04  Refinery  
  105  17:20  Widow Mine x3  
  96  17:24  Widow Mine x2  
  96  17:29  Supply Depot  
  100  17:41  Widow Mine  
  100  17:52  Liberator x2  
  100  17:55  SCV x3, Hellion x3  
  100  17:57  Command Center  
  115  18:00  Command Center  
  115  18:07  SCV  
  115  18:10  Orbital Command  
  110  18:23  Siege Tank x3  
  110  18:25  SCV x3  
  98  18:30  Supply Depot  
  98  18:37  SCV x3  
  98  18:40  Viking x2  
  105  18:41  SCV  
  105  18:49  SCV x3  
  105  18:53  SCV  
  105  18:54  Viking x2  
  112  19:01  SCV x2  
  102  19:24  Viking x3  
  102  19:25  Viking x3  
  114  19:37  Liberator  
  117  19:39  SCV x2  
  117  19:40  SCV x2  
  121  19:51  SCV  
  102  20:10  Liberator, Siege Tank x2  
  108  20:41  Siege Tank  
  108  20:42  Siege Tank x3  
  120  20:44  SCV x2, Hellion  
  120  20:45  SCV  
  125  20:56  SCV x2  
  125  20:57  SCV  
  126  21:05  Hellion  
  126  21:08  SCV  
  126  21:09  SCV  
  115  21:14  Hellion x2  
  115  21:16  Widow Mine x2  
  105  21:27  Widow Mine  
  107  21:35  Widow Mine x2  
  107  21:37  Widow Mine x2  
  113  21:45  Command Center  
  113  21:46  Command Center  
  110  21:48  Widow Mine  
  90  21:57  Widow Mine x2  
  90  21:58  Widow Mine x2  
  96  22:09  Widow Mine  
  96  22:13  Viking x4  
  100  22:38  Supply Depot  
  100  22:41  Supply Depot  
  100  22:42  Supply Depot  
  100  22:46  Supply Depot  
  100  22:48  Supply Depot  
  100  22:57  Widow Mine, Viking x5  
  100  22:58  Widow Mine  
  114  23:00  Widow Mine x3, Viking  
  119  23:14  Battlecruiser  
  117  23:42  Liberator  
  118  24:15  Liberator  
  121  24:19  Battlecruiser  
  121  24:24  Supply Depot  
  124  25:19  Viking x2  
  124  25:20  Viking  
  130  25:32  Planetary Fortress  
  124  25:39  Siege Tank x2  
  130  25:44  Missile Turret  
  130  25:54  Refinery  
  78  27:26  Planetary Fortress  
  39  27:38  Siege Tank  
  39  27:40  SCV  
  38  27:52  SCV  
  39  28:01  Siege Tank  
  39  28:05  SCV  
  43  28:17  SCV  
Tags
 
Matchup
TvT
Opening
1/1/1
Race
Terran
Replay Pack
Multiplayer
Spawn Locations
Cross Positions
Add a new tag
Caveats
  • Supply blocks, unpowered buildings, or Contaminate may cause inaccurate times.
  • Supply counts are checked every 10 seconds.